 Dungeon Crawl Stone Soup version 0.23.1-37-gaa34b87b72 (webtiles) character file.

Game seed: 0

104 MisterOstroum the Vexing (level 4, -2/21 HPs)
             Began as a Spriggan Enchanter on Mar 19, 2019.
             Slain by an orc
             ... wielding a +0 flail
              (4 damage)
             ... on level 3 of the Dungeon on Mar 20, 2019.
             The game lasted 00:26:08 (2795 turns).

MisterOstroum the Vexing (Spriggan Enchanter)       Turns: 2795, Time: 00:26:08

Health: -2/21      AC:  4    Str:  4    XL:     4   Next: 52%
Magic:  11/11      EV: 18    Int: 17    God:
Gold:   75         SH:  0    Dex: 16    Spells: 8/11 levels left

rFire    . . .     SeeInvis +   a - +1 dagger
rCold    . . .     Gourm    .   (shield restricted)
rNeg     . . .     Faith    .   b - +0 robe
rPois    .         Spirit   .   n - +1 hat
rElec    .         Reflect  .   o - +0 cloak
rCorr    .         Harm     .   (gloves unavailable)
MR       .....                  (boots unavailable)
Stlth    +++.......             l - amulet of magic regeneration
HPRegen  0.07/turn              (no ring)
MPRegen  0.37/turn              (no ring)

@: lethally poisoned (-2 -> -13), very quick
A: very small, unfitting armour, see invisible, herbivore, speed 3, slow
metabolism 2
a: no special abilities


You were on level 3 of the Dungeon.
You were not hungry.

You visited 1 branch of the dungeon, and saw 3 of its levels.

You collected 75 gold pieces.

Inventory:

Hand Weapons
 a - a +1 dagger (weapon)
 p - a +0 dagger
 q - a +0 blowgun
Missiles
 j - 150 stones (quivered)
 r - 2 poisoned needles
Armour
 b - a +0 robe (worn)
 n - a +1 hat (worn)
 o - a +0 cloak (worn)
Jewellery
 l - an amulet of magic regeneration (around neck)
Wands
 k - a wand of acid (4)
Scrolls
 h - 3 scrolls of blinking
 m - a scroll of remove curse
Potions
 c - a potion of degeneration {unknown}
 e - a potion of might {unknown}
 f - 3 potions of agility
 g - a potion of brilliance {unknown}
Comestibles
 d - 2 rations


   Skills:
 - Level 2.2 Short Blades
 - Level 3.0 Dodging
 - Level 4.4 Stealth
 * Level 4.2 Spellcasting
 - Level 5.0 Hexes


You had 8 spell levels left.
You knew the following spells:

 Your Spells              Type           Power        Failure   Level  Hunger
a - Ensorcelled Hibernat  Hex/Ice        ##....       9%          2    ##.....
b - Corona                Hex            ###....      1%          1    None

Your spell library contained the following spells:

 Spells                   Type           Power        Failure   Level  Hunger
 Confuse                  Hex            ###.....     6%          3    ###....
 Tukima's Dance           Hex            ###.....     6%          3    ###....
 Beastly Appendage        Tmut           #.....       16%         1    None
 Dazzling Spray           Conj/Hex       ##....       17%         3    ###....
 Sticks to Snakes         Tmut           #.......     24%         2    ##.....
 Spider Form              Tmut/Pois      #.........   43%         3    ###....
 Ice Form                 Ice/Tmut       #.......     83%         4    ####...
 Blade Hands              Tmut           #.........   99%         5    ######.


Dungeon Overview and Level Annotations

Branches:
Dungeon (3/15)

Altars:


Innate Abilities, Weirdness & Mutations

You are very small and have problems with some larger weapons.
You are too small for most types of armour.
You have supernaturally acute eyesight. (SInv)
You are a herbivore.
You cover ground extremely quickly.
You need to consume almost no food.


Message History

The quokka is moderately wounded.
The quokka twitches its whiskers.
The quokka closely misses you.
You hit the quokka but do no damage.
The quokka is moderately wounded.
A giant cockroach comes into view.
The quokka misses you.
You barely miss the quokka.
The quokka is lightly wounded.
The quokka barely misses you. The orc hits you with a +0 flail.
* * * LOW HITPOINT WARNING * * *
The orc misses you.
The orc priest looks encouraged for a moment.
The quokka misses you. The orc hits you but does no damage.
The orc hits you with a +1 dagger of venom.
* * * LOW HITPOINT WARNING * * *
You are lethally poisoned!
The quokka bites you but does no damage.
The orc hits you with a +0 flail.
You die...

.........#
.##......##.
.##.........
.###.##.....
.# #.# ...l
.# #.# ...
.# #.. . ##
##.
...?##### ..
.....Yo@# #.


...slKor# .....oKo# #..o....# ♣ #...##### #... ... .. You could see a sky beast,
an orc priest, 4 orcs, a quokka, a giant cockroach (wandering), 2 kobolds and a
frilled lizard.

Vanquished Creatures
  5 adders
  A worm (D:2)
  2 leopard geckos (D:1)
  4 orcs (D:2)
  4 giant cockroaches
  6 goblins
  6 hobgoblins
  4 jackals (D:2)
  A ball python (D:3)
  3 bats
  4 frilled lizards
  6 kobolds
  4 rats (D:1)
50 creatures vanquished.

Notes
Turn   | Place    | Note
-------+----------+-------------------------------------------
     0 | D:1      | MisterOstroum the Spriggan Enchanter began the quest for
                  | the Orb.
     0 | D:1      | Reached XP level 1. HP: 9/9 MP: 5/5
   344 | D:1      | Reached XP level 2. HP: 10/13 MP: 7/7
   348 | D:1      | Learned a level 2 spell: Ensorcelled Hibernation
   362 | D:1      | Reached skill level 4 in Hexes
   981 | D:2      | Reached XP level 3. HP: 16/16 MP: 9/9
  1239 | D:1      | Upgraded the game from 0.23.1 to 0.23.1-37-gaa34b87b72
  1919 | D:2      | Reached XP level 4. HP: 21/21 MP: 2/10
  2704 | D:3      | Reached skill level 5 in Hexes
  2789 | D:3      | Noticed a sky beast
  2795 | D:3      | Slain by an orc

Skill      XL: |  1  2  3  4 |
---------------+-------------+-----
Spellcasting   | 3 4 |  4.2
Hexes          | 4 5 |  5.0
Short Blades   | 2 |  2.2
Dodging        | |  3.0
Stealth        | |  4.4

Action                   |  1- 3 |  4- 6 || total
-------------------------+-------+-------++-------
Melee: Dagger            |    85 |    32 ||   117
Throw: Stone             |    14 |       ||    14
 Cast: Corona            |     4 |     1 ||     5
       Ensorcelled Hiber |    36 |    21 ||    57
  Use: Scroll            |     2 |     5 ||     7
 Stab: Sleeping          |    25 |    10 ||    35
  Eat: Ration            |     1 |       ||     1
Armor: Robe              |     8 |     3 ||    11
Dodge: Dodged            |    83 |    38 ||   121
